| TOP OF THE 1ST |
|
Iowa Cubs batting - Pitching for Louisville Bats : LHP Zach Masengill
|
|
Pitching: LHP Zach Masengill
|
|
|
Batting: SHB Tim Hone
|
0-0: Called Strike 0-1: Fly out, F9 (Flyball, 9D, EV 85.0 MPH)
|
|
Batting: RHB Butch Koglin
|
0-0: Ball 1-0: Called Strike 1-1: Fly out, F7 (Flyball, 7, EV 82.5 MPH)
|
|
Batting: SHB Gerardo Flores
|
0-0: Called Strike 0-1: Swinging Strike 0-2: Ball 1-2: Foul Ball, location: 2F 1-2: Strikes out swinging
|
| Top of the 1st over - 0 runs, 0 hits, 0 errors, 0 left on base; Iowa 0 - Louisville 0 |
| BOTTOM OF THE 1ST |
|
Louisville Bats batting - Pitching for Iowa Cubs : RHP Willie Ramos
|
|
Pitching: RHP Willie Ramos
|
|
|
Batting: LHB Ryan Braden
|
0-0: Ball 1-0: Foul Ball, location: 2F 1-1: Ball 2-1: Called Strike 2-2: Ball 3-2: Foul Ball, location: 2F 3-2: Foul Ball, location: 2F 3-2: Foul Ball, location: 2F 3-2: SINGLE (Flyball, 89S, EV 84.4 MPH)
|
|
Batting: RHB Danny Real
|
0-0: Ball 1-0: Fly out, F5 (Line Drive, 5, EV 69.4 MPH)
|
|
Batting: LHB Randy Racine
|
0-0: Called Strike 0-1: Called Strike Ryan Braden steals 2nd base (no throw) 0-2: Ball 1-2: Ball 2-2: Ball 3-2: Foul Ball, location: 2F 3-2: Foul Ball, location: 2F 3-2: Fly out, F4 (Popup, 4, EV 58.8 MPH)
|
|
Batting: SHB Freddie Farrar
|
0-0: Foul Ball, location: 2F 0-1: Swinging Strike 0-2: Ball 1-2: Strikes out looking
|
| Bottom of the 1st over - 0 runs, 1 hit, 0 errors, 1 left on base; Iowa 0 - Louisville 0 |
| TOP OF THE 2ND |
|
Iowa Cubs batting - Pitching for Louisville Bats : LHP Zach Masengill
|
|
Batting: LHB Chris Morgan
|
0-0: Ball 1-0: Called Strike 1-1: Ball 2-1: Foul Ball, location: 2F 2-2: Fly out, F4 (Flyball, 34D, EV 87.5 MPH)
|
|
Batting: LHB Rich Atterberry
|
0-0: Fly out, F8 (Flyball, 8LD, EV 94.4 MPH)
|
|
Batting: SHB Nick Chandler
|
0-0: Ground out 6-3 (Groundball, 6, EV 85.0 MPH)
|
| Top of the 2nd over - 0 runs, 0 hits, 0 errors, 0 left on base; Iowa 0 - Louisville 0 |
| BOTTOM OF THE 2ND |
|
Louisville Bats batting - Pitching for Iowa Cubs : RHP Willie Ramos
|
|
Batting: RHB Casey Truax
|
0-0: Called Strike 0-1: Called Strike 0-2: Ball 1-2: Strikes out looking
|
|
Batting: RHB Estanislau Gosendes
|
0-0: Ball 1-0: SINGLE (Groundball, 6D, EV 103.1 MPH)
|
|
Batting: SHB Paul Sandoval
|
0-0: Called Strike 0-1: Foul Ball, location: 2F 0-2: Ball Estanislau Gosendes steals 2nd base 1-2: Ball 2-2: Ground out 6-3 (Groundball, 6, EV 83.1 MPH) Estanislau Gosendes to third
|
|
Batting: RHB Chris Zamora
|
0-0: Ball 1-0: Ball 2-0: Called Strike 2-1: Ball 3-1: Called Strike 3-2: Fly out, F4 (Popup, 4M, EV 73.8 MPH)
|
| Bottom of the 2nd over - 0 runs, 1 hit, 0 errors, 1 left on base; Iowa 0 - Louisville 0 |
| TOP OF THE 3RD |
|
Iowa Cubs batting - Pitching for Louisville Bats : LHP Zach Masengill
|
|
Batting: LHB John Criswell
|
0-0: Ball 1-0: Foul Ball, location: 2F 1-1: Called Strike 1-2: SINGLE (Groundball, 4M, EV 103.1 MPH)
|
|
Batting: LHB Bobby Adams
|
0-0: Ball 1-0: Foul Ball, location: 2F 1-1: Reached on error, E3 (Groundball, 3, EV 90.6 MPH) John Criswell to second
|
|
Batting: LHB Jose Mojica
|
0-0: Called Strike 0-1: Fly out, F8 (Flyball, 8LS, EV 90.6 MPH)
|
|
Batting: SHB Tim Hone
|
0-0: Ball 1-0: Ball 2-0: Called Strike 2-1: Foul Ball, location: 2F 2-2: Ball 3-2: Foul Ball, location: 2F 3-2: Ground out 5-3 (Groundball, 56S, EV 71.9 MPH) John Criswell to third Bobby Adams to second
|
|
Batting: RHB Butch Koglin
|
0-0: Fly out, F7 (Flyball, 7, EV 76.3 MPH)
|
| Top of the 3rd over - 0 runs, 1 hit, 1 error, 2 left on base; Iowa 0 - Louisville 0 |
| BOTTOM OF THE 3RD |
|
Louisville Bats batting - Pitching for Iowa Cubs : RHP Willie Ramos
|
|
Batting: RHB Yasusaburo Kuwahara
|
0-0: Ball 1-0: Ground out 6-3 (Groundball, 6, EV 85.6 MPH)
|
|
Batting: LHB Ryan Braden
|
0-0: Swinging Strike 0-1: Ball 1-1: Called Strike 1-2: Ball 2-2: Ball 3-2: Base on Balls
|
|
Batting: RHB Danny Real
|
0-0: Ball Ryan Braden is caught stealing 2nd base 2-4 1-0: Ball 2-0: Swinging Strike 2-1: Ball 3-1: Foul Ball, location: 2F 3-2: Strikes out looking
|
| Bottom of the 3rd over - 0 runs, 0 hits, 0 errors, 0 left on base; Iowa 0 - Louisville 0 |
| TOP OF THE 4TH |
|
Iowa Cubs batting - Pitching for Louisville Bats : LHP Zach Masengill
|
|
Batting: SHB Gerardo Flores
|
0-0: Called Strike 0-1: Foul Ball, location: 2F 0-2: Ball 1-2: Strikes out swinging
|
|
Batting: LHB Chris Morgan
|
0-0: Called Strike 0-1: Ball 1-1: Foul Ball, location: 2F 1-2: Foul Ball, location: 2F 1-2: Ball 2-2: Ball 3-2: Foul Ball, location: 2F 3-2: Fly out, F6 (Popup, 4MD, EV 57.5 MPH)
|
|
Batting: LHB Rich Atterberry
|
0-0: Ball 1-0: Called Strike 1-1: Foul Ball, location: 2F 1-2: Strikes out looking
|
| Top of the 4th over - 0 runs, 0 hits, 0 errors, 0 left on base; Iowa 0 - Louisville 0 |
| BOTTOM OF THE 4TH |
|
Louisville Bats batting - Pitching for Iowa Cubs : RHP Willie Ramos
|
|
Batting: LHB Randy Racine
|
0-0: Foul Ball, location: 2F 0-1: Foul Ball, location: 2F 0-2: Ground out 6-3 (Groundball, 6, EV 86.3 MPH)
|
|
Batting: SHB Freddie Farrar
|
0-0: Fly out, F8 (Flyball, 8LD, EV 92.5 MPH)
|
|
Batting: RHB Casey Truax
|
0-0: Called Strike 0-1: Ball 1-1: Foul Ball, location: 2F 1-2: Ground out 4-3 (Groundball, 4, EV 77.5 MPH)
|
| Bottom of the 4th over - 0 runs, 0 hits, 0 errors, 0 left on base; Iowa 0 - Louisville 0 |
| TOP OF THE 5TH |
|
Iowa Cubs batting - Pitching for Louisville Bats : LHP Zach Masengill
|
|
Batting: SHB Nick Chandler
|
0-0: Swinging Strike 0-1: Ball 1-1: Called Strike 1-2: Foul Ball, location: 2F 1-2: Strikes out swinging
|
|
Batting: LHB John Criswell
|
0-0: Ball 1-0: Swinging Strike 1-1: Called Strike 1-2: Strikes out swinging
|
|
Batting: LHB Bobby Adams
|
0-0: Called Strike 0-1: Reached on error, E5 (Groundball, 5, EV 86.9 MPH)
|
|
Batting: LHB Jose Mojica
|
0-0: Ball 1-0: Swinging Strike 1-1: Ball 2-1: Ball 3-1: Base on Balls Bobby Adams to second
|
|
Batting: SHB Tim Hone
|
0-0: Foul Ball, location: 2F 0-1: Ball 1-1: Ball 2-1: Foul Ball, location: 2F 2-2: Foul Ball, location: 2F 2-2: Foul Ball, location: 2F 2-2: Ground out U3 (Groundball, 3, EV 101.3 MPH)
|
| Top of the 5th over - 0 runs, 0 hits, 1 error, 2 left on base; Iowa 0 - Louisville 0 |
| BOTTOM OF THE 5TH |
|
Louisville Bats batting - Pitching for Iowa Cubs : RHP Willie Ramos
|
|
Batting: RHB Estanislau Gosendes
|
0-0: Called Strike 0-1: Ball 1-1: Ball 2-1: Swinging Strike 2-2: Ball 3-2: Base on Balls
|
|
Batting: SHB Paul Sandoval
|
0-0: Swinging Strike 0-1: Ball 1-1: Fly out, F8 (Flyball, 8LS, EV 90.6 MPH)
|
|
Batting: RHB Chris Zamora
|
0-0: Ball 1-0: Foul Ball, location: 2F 1-1: Ball 2-1: Grounds into double play, 6-4-3 (Groundball, 6, EV 91.9 MPH)
|
| Bottom of the 5th over - 0 runs, 0 hits, 0 errors, 0 left on base; Iowa 0 - Louisville 0 |
| TOP OF THE 6TH |
|
Iowa Cubs batting - Pitching for Louisville Bats : LHP Zach Masengill
|
|
Batting: RHB Butch Koglin
|
0-0: Foul Ball, location: 2F 0-1: Foul Ball, location: 2F 0-2: Ball 1-2: Foul Ball, location: 2F 1-2: Ball 2-2: Ball 3-2: Ground out 6-3 (Groundball, 6M, EV 84.4 MPH)
|
|
Batting: SHB Gerardo Flores
|
0-0: Ball 1-0: Ball 2-0: Ground out 6-3 (Groundball, 6, EV 85.0 MPH)
|
|
Batting: LHB Chris Morgan
|
0-0: Called Strike 0-1: Swinging Strike 0-2: Ball 1-2: Strikes out looking
|
| Top of the 6th over - 0 runs, 0 hits, 0 errors, 0 left on base; Iowa 0 - Louisville 0 |
| BOTTOM OF THE 6TH |
|
Louisville Bats batting - Pitching for Iowa Cubs : RHP Willie Ramos
|
|
Batting: RHB Yasusaburo Kuwahara
|
0-0: Ball 1-0: Called Strike 1-1: Hit by Pitch
|
|
Batting: LHB Ryan Braden
|
0-0: Ball 1-0: Ball 2-0: Ball 3-0: Base on Balls Yasusaburo Kuwahara to second
|
|
Batting: RHB Danny Real
|
0-0: Ball 1-0: Ball 2-0: Ball 3-0: Base on Balls Yasusaburo Kuwahara to third Ryan Braden to second
|
|
Pitching: RHP Mike Richardson
|
|
|
Batting: LHB Randy Racine
|
0-0: Grounds into double play, 6-2-3 (Groundball, 56, EV 85.0 MPH) Ryan Braden to third Danny Real to second
|
|
Batting: SHB Freddie Farrar
|
0-0: Ball 1-0: Foul Ball, location: 2F 1-1: Fly out, F7 (Flyball, 78M, EV 81.9 MPH)
|
| Bottom of the 6th over - 0 runs, 0 hits, 0 errors, 2 left on base; Iowa 0 - Louisville 0 |
| TOP OF THE 7TH |
|
Iowa Cubs batting - Pitching for Louisville Bats : LHP Zach Masengill
|
|
Batting: LHB Rich Atterberry
|
0-0: Called Strike 0-1: Ball 1-1: Ball 2-1: Swinging Strike 2-2: Foul Ball, location: 2F 2-2: Ball 3-2: Foul Ball, location: 2F 3-2: Foul Ball, location: 2F 3-2: Strikes out swinging
|
|
Pitching: RHP Juan Sanchez
|
|
|
Batting: SHB Nick Chandler
|
0-0: Called Strike 0-1: Foul Ball, location: 2F 0-2: Foul Ball, location: 2F 0-2: Foul Ball, location: 2F 0-2: Ball 1-2: Strikes out looking
|
|
Batting: LHB John Criswell
|
0-0: Called Strike 0-1: Fly out, F3 (Popup, 3SF, EV 85.6 MPH)
|
| Top of the 7th over - 0 runs, 0 hits, 0 errors, 0 left on base; Iowa 0 - Louisville 0 |
| BOTTOM OF THE 7TH |
|
Louisville Bats batting - Pitching for Iowa Cubs : RHP Mike Richardson
|
|
Batting: RHB Casey Truax
|
0-0: Called Strike 0-1: Ball 1-1: Swinging Strike 1-2: Ball 2-2: Strikes out swinging
|
|
Batting: RHB Estanislau Gosendes
|
0-0: Foul Ball, location: 2F 0-1: Ball 1-1: Foul Ball, location: 2F 1-2: Ball 2-2: Strikes out looking
|
|
Batting: SHB Paul Sandoval
|
0-0: Called Strike 0-1: Swinging Strike 0-2: Ball 1-2: Foul Ball, location: 2F 1-2: Foul Ball, location: 2F 1-2: Strikes out looking
|
| Bottom of the 7th over - 0 runs, 0 hits, 0 errors, 0 left on base; Iowa 0 - Louisville 0 |
| TOP OF THE 8TH |
|
Iowa Cubs batting - Pitching for Louisville Bats : RHP Juan Sanchez
|
|
Batting: LHB Bobby Adams
|
0-0: Foul Ball, location: 2F 0-1: Ball 1-1: Foul Ball, location: 2F 1-2: Fly out, F3 (Flyball, 3D, EV 90.0 MPH)
|
|
Batting: LHB Jose Mojica
|
0-0: Ball 1-0: Swinging Strike 1-1: Foul Ball, location: 2F 1-2: Ball 2-2: Ground out 4-3 (Groundball, 4M, EV 76.3 MPH)
|
|
Batting: SHB Tim Hone
|
0-0: Ball 1-0: Ground out U3 (Groundball, 3, EV 108.8 MPH)
|
| Top of the 8th over - 0 runs, 0 hits, 0 errors, 0 left on base; Iowa 0 - Louisville 0 |
| BOTTOM OF THE 8TH |
|
Louisville Bats batting - Pitching for Iowa Cubs : RHP Mike Richardson
|
|
Batting: RHB Chris Zamora
|
0-0: Ball 1-0: Fly out, F1 (Line Drive, P, EV 66.9 MPH)
|
|
Batting: RHB Yasusaburo Kuwahara
|
0-0: Ball 1-0: Ball 2-0: Called Strike 2-1: Swinging Strike 2-2: Foul Ball, location: 2F 2-2: Strikes out swinging
|
|
Batting: LHB Ryan Braden
|
0-0: Called Strike 0-1: Foul Ball, location: 2F 0-2: Ball 1-2: Foul Ball, location: 2F 1-2: Ball 2-2: Foul Ball, location: 2F 2-2: Foul Ball, location: 2F 2-2: Strikes out swinging
|
| Bottom of the 8th over - 0 runs, 0 hits, 0 errors, 0 left on base; Iowa 0 - Louisville 0 |
| TOP OF THE 9TH |
|
Iowa Cubs batting - Pitching for Louisville Bats : RHP Juan Sanchez
|
|
Pitching: LHP Logan Moultry
|
|
|
Batting: RHB Butch Koglin
|
0-0: Swinging Strike 0-1: Called Strike 0-2: Ground out 6-3 (Groundball, 6, EV 82.5 MPH)
|
|
Batting: SHB Gerardo Flores
|
0-0: SINGLE (Line Drive, 78M, EV 103.1 MPH)
|
|
Pinch Hitting: SHB Seung-ho Zhang
|
0-0: Called Strike 0-1: Called Strike 0-2: Ball 1-2: Foul Ball, location: 2F 1-2: Foul Ball, location: 2F 1-2: Ball 2-2: Fly out, F8 (Line Drive, 8RM, EV 101.9 MPH)
|
|
Pinch Hitting: RHB Pat Barton
|
0-0: Called Strike 0-1: Ball 1-1: Ground out 4-3 (Groundball, 34, EV 82.5 MPH)
|
| Top of the 9th over - 0 runs, 1 hit, 0 errors, 1 left on base; Iowa 0 - Louisville 0 |
| BOTTOM OF THE 9TH |
|
Louisville Bats batting - Pitching for Iowa Cubs : RHP Mike Richardson
|
|
Pitching: LHP Shane Stratton
|
|
|
Now at C: R.J. Vargas
|
|
|
Now at 1B: John Holst
|
|
|
Batting: RHB Danny Real
|
0-0: Called Strike 0-1: Ball 1-1: Foul Ball, location: 2F 1-2: SINGLE (Flyball, 3D, EV 93.8 MPH)
|
|
Batting: LHB Randy Racine
|
0-0: Ball 1-0: Foul Ball, location: 2F 1-1: Ball 2-1: Ball 3-1: Called Strike Danny Real steals 2nd base 3-2: Ground out U3 (Groundball, 23, EV 85.6 MPH) Danny Real to third
|
|
Batting: SHB Freddie Farrar
|
0-0: Intentional Walk
|
|
Batting: RHB Casey Truax
|
0-0: Swinging Strike 0-1: Foul Ball, location: 2F 0-2: Strikes out swinging
|
|
Batting: RHB Estanislau Gosendes
|
0-0: Called Strike 0-1: SINGLE (Line Drive, 4D, EV 106.9 MPH) Danny Real scores
|
| Bottom of the 9th over - 1 run, 2 hits, 0 errors, 0 left on base; Iowa 0 - Louisville 1 |
| |
|
Game Over ... Louisville defeats Iowa, 1 to 0
|
|
|